 Dungeon Crawl Stone Soup version 0.25.0-11-g1f837a76a1 (webtiles) character file.

Game seed: 2623820487690406854

22 xccam the Sneak (level 2, -1/17 HPs)
             Began as a Tengu Assassin on June 26, 2020.
             Slain by a killer bee (7 damage)
             ... on level 2 of the Dungeon.
             The game lasted 00:01:23 (1036 turns).

xccam the Sneak (Tengu Assassin)                    Turns: 1036, Time: 00:01:23

Health: -1/17      AC:  3    Str: 11    XL:     2   Next: 91%
Magic:  3/3        EV: 12    Int: 11    God:
Gold:   34         SH:  0    Dex: 15    Spells: 1/1 levels left

rFire    . . .     SeeInvis .   n - +2 dagger (elec)
rCold    . . .     Gourm    .   (no shield)
rNeg     . . .     Faith    .   b - +0 robe
rPois    .         Spirit   .   (helmet restricted)
rElec    .         Reflect  .   c - +0 cloak
rCorr    .         Harm     .   (no gloves)
MR       .....     Rnd*Tele +   (boots unavailable)
Stlth    ++........             (no amulet)
HPRegen  0.05/turn              m - ring of attention (curse)
MPRegen  0.08/turn              j - ring of teleportation (curse)

@: lethally poisoned (-1 -> -6)
A: beak, talons 3
a: no special abilities


You were on level 2 of the Dungeon.
You were not hungry.

You visited 1 branch of the dungeon, and saw 2 of its levels.

You collected 34 gold pieces.

Inventory:

Hand Weapons
 a - a +3 dagger
 n - a +2 dagger of electrocution (weapon)
Missiles
 d - 5 poisoned darts (quivered)
 e - 2 curare-tipped darts
Armour
 b - a +0 robe (worn)
 c - a +0 cloak (worn)
Jewellery
 h - an uncursed ring of magical power
 j - a cursed ring of teleportation (right hand)
 m - a cursed ring of attention (left hand)
Scrolls
 g - a scroll of noise {unknown}
 k - a scroll of immolation
 o - a scroll of enchant weapon
 q - 3 scrolls of identify
Potions
 i - a potion of curing {unknown}
 l - a potion of invisibility {unknown}
 p - a potion of lignification {unknown}
Comestibles
 f - 2 rations


   Skills:
 - Level 2.0 Fighting
 + Level 3.6 Short Blades
 - Level 2.0 Throwing
 - Level 1.1 Dodging
 - Level 4.0 Stealth


You had one spell level left.
You didn't know any spells.
Your spell library was empty.

Dungeon Overview and Level Annotations

Branches:
Dungeon (2/15)

Altars:


Innate Abilities, Weirdness & Mutations

You have a beak for a mouth.
You have claws for feet.


Message History

You are poisoned.
The killer bee poisons you!
Unknown command.
You hit the killer bee. Your peck misses the killer bee.
The killer bee is heavily wounded.
You feel sick. The bat closely misses you. The killer bee closely misses you.
The killer bee completely misses you.
Unknown command.
You closely miss the killer bee. Your peck misses the killer bee.
The killer bee is heavily wounded.
The killer bee barely misses you.
Unknown command.
You closely miss the killer bee.
The killer bee is moderately wounded.
You feel sick. The bat misses you. The killer bee stings you.
Unknown command.
You hit the bat.
The bat is severely wounded.
The bat hits you but does no damage. The killer bee stings you!
You die...

.. ..##..#
##..########.##..#
......>....#.##...
#..##.###.#.##...
#................
#..##..##.#.#.#.#
#.........#.#.#..
########....######.#.###
..yyyyy@...<.......#..
########b#####........
..... .......( #.......#
....... #.......#
....##### #.......# .
........# ...b.....#


You could see 5 killer bees and a bat.

Vanquished Creatures
  An ooze (D:1)
  A dart slug (D:1)
  3 goblins (D:1)
  2 hobgoblins (D:1)
  2 kobolds (D:1)
  2 bats (D:1)
  A frilled lizard (D:1)
  3 rats (D:1)
15 creatures vanquished.

Notes
Turn   | Place    | Note
-------+----------+-------------------------------------------
     0 | D:1      | xccam the Tengu Assassin began the quest for the Orb.
     0 | D:1      | Reached XP level 1. HP: 12/12 MP: 2/2
   176 | D:1      | Reached XP level 2. HP: 17/17 MP: 3/3
  1027 | D:2      | Noticed a killer bee
  1028 | D:2      | Noticed a killer bee
  1029 | D:2      | Noticed a killer bee
  1030 | D:2      | Noticed a killer bee
  1031 | D:2      | Noticed a killer bee
  1036 | D:2      | Slain by a killer bee

Illustrated notes

Levels and vault maps discovered:
D:1:      dpeg_arrival_erosion, layout_loops_ring, kennysheep_boxes
D:2:      layout_basic, uniq_crazy_yiuf_cottage

Skill      XL: |  1 |
---------------+----+-----
Short Blades   | 3 |  3.6
Fighting       | |  2.0
Throwing       | |  2.0
Dodging        | |  1.1
Stealth        | |  4.0

Action                   || total
-------------------------++-------
Melee: Dagger            ||    33
       Peck              ||     5
       Kick              ||     4
Throw: Dart              ||     3
  Use: Scroll            ||     4
 Stab: Sleeping          ||     3
Armor: Robe              ||     2
Dodge: Dodged            ||    17
